Match 28894150
Unlisted

Match 28894150
End
Construct Section Command Post
Vickers Machine Gun Team
Selects Indian Artillery Battlegroup
ML 3-inch Mortar Team
Infantry Section
Infantry Section
Infantry Section
Construct Platoon Command Post
6-pounder Anti-tank Gun Team
Selects Artillery Saturation
CMP 15cwt Truck
Unlock Bishop Self-propelled Artillery
Selects Off-map Airburst Barrage
Bishop Self-propelled Artillery
Light Vehicle Training
Bishop Self-propelled Artillery
Grenade Package
Construct Company Command Post
Infantry Training
Selects Perimeter Monitor
Unlock Towed 17-pounder Anti-tank Guns
Selects Valour
Selects Gurkha Rifles Section
17-pounder Anti-tank Gun Team
Selects Volunteer Infantry
Matilda II Heavy Tank
Foot Guards Section
Foot Guards Section
Selects BL5.5 Artillery Emplacement
Construct Field Infirmary
CMP 15cwt Truck
Off-map Airburst Barrage
17-pounder Anti-tank Gun Team
Matilda II Heavy Tank
Royal Engineer Section
17-pounder Anti-tank Gun Team
17-pounder Anti-tank Gun Team
Foot Guards Section
Foot Guards Section
Royal Engineer Section
17-pounder Anti-tank Gun Team
17-pounder Anti-tank Gun Team
Matilda II Heavy Tank
Team Weapon Training
Royal Engineer Section
Random_Target
Turtleboy
Dahlian
Pap
Guernord
✿ ͜ ღ新颖☂㌻♔
WilllTHENOOBz
NEP_wilson_NEP
0
0

Comments sign in to comment!

No comments posted yet!